 Dungeon Crawl Stone Soup version 0.30-a0-726-gd89dcf765f (webtiles) character file.

Game seed: 5092952086600076640

46 sokol815 the Trooper (level 3, 0/31 HPs)
             Began as a Demigod Fighter on Jan 30, 2023.
             Slain by Sigmund
             ... wielding a +0 scythe
              (7 damage)
             ... on level 2 of the Dungeon.
             The game lasted 00:02:07 (827 turns).

sokol815 the Trooper (Demigod Fighter)               Turns: 827, Time: 00:02:08

Health: 0/31       AC:  6    Str: 17    XL:     3   Next: 26%
Magic:  5/5        EV:  9    Int: 10    God:
Gold:   58         SH:  5    Dex: 17    Spells: 2/2 levels left

rFire   . . .      SeeInvis .    a - +0 long sword
rCold   . . .      Faith    .    c - +0 buckler
rNeg    . . .      Spirit   .    b - +0 scale mail
rPois   .          Reflect  .    (no helmet)
rElec   .          Harm     .    (no cloak)
rCorr   .          Rampage  .    (no gloves)
Will    .....                    (no boots) Stlth
                                 n - amulet of regeneration
HPRegen 1.05/turn                (no ring)
MPRegen 0.09/turn                (no ring)

@: no status effects
A: high MP 1, forlorn, divine attributes
a: no special abilities


You were on level 2 of the Dungeon.
You visited 1 branch of the dungeon, and saw 2 of its levels.

You collected 58 gold pieces.

Inventory:

Hand Weapons
 a - a +0 long sword (weapon)
Missiles
 g - 7 poisoned darts
 s - 34 stones
Armour
 b - a +0 scale mail (worn)
 c - a +0 buckler (worn)
Jewellery
 n - an amulet of regeneration (around neck)
   (You found it on level 2 of the Dungeon)
Scrolls
 e - a scroll of enchant armour {unknown}
 f - a scroll of enchant weapon {unknown}
 h - a scroll of immolation {unknown}
 j - a scroll of identify {unknown}
 m - a scroll of fear {unknown}
Potions
 d - a potion of degeneration {unknown}
 i - a potion of curing {unknown}
 k - a potion of invisibility {unknown}
 l - a potion of brilliance {unknown}
 M - a potion of might


   Skills:
 + Level 3.0 Fighting
 * Level 2.4 Long Blades
 + Level 2.9 Armour
 + Level 0.9 Dodging
 + Level 2.9 Shields


You had 2 spell levels left.
You didn't know any spells.
Your spell library was empty.

Dungeon Overview and Level Annotations

Branches:
Dungeon (2/15) Zot: 11145

Annotations:
D:2 Sigmund


Innate Abilities, Weirdness & Mutations

You have an increased reservoir of magic. (+10% MP)
You shall have no god before yourself.
Your divine heritage dramatically boosts your attributes as you level up.


Message History

The bat barely misses you.
You hit the bat but do no damage. The bat hits you but does no damage.
A hobgoblin comes into view.
The hobgoblin shouts!
The bat hits you but does no damage. The bat hits you but does no damage.
You block the bat's attack. The bat barely misses you.
You barely miss the bat. You block the bat's attack.
You block the hobgoblin's attack. The hobgoblin hits you.
You take 3 damage, and have 28/31 hp.
You closely miss the bat. The bat closely misses you.
The hobgoblin hits you but does no damage.
You slash the bat!
You kill the bat!
The hobgoblin barely misses you.
You hit the hobgoblin. You block the hobgoblin's attack.
You hit the hobgoblin.
You kill the hobgoblin!
No target in view!
You now have 58 gold pieces (gained 5).
You see here a hobgoblin corpse.
There is an open door here.
n - an amulet of regeneration Health restored: 31 You start putting on your amulet.
You continue putting on your amulet of regeneration. x5
You finish putting on your amulet of regeneration.
The amulet throbs as it attunes itself to your uninjured body.
n - an amulet of regeneration (around neck)
There is an open door here.
Found an escape hatch in the floor.
No target in view!
s - 28 stones (gained 6)
s - 34 stones (gained 6) Sigmund the Dreaded comes into view.
He is wielding a +0 scythe and wearing a +2 robe of cold resistance.
Sigmund shouts!
You hear an angry hiss.
A frilled lizard comes into view.
Sigmund says, "Your kind have come here before.
I understand now why.
You desire death..."
Sigmund points at you and mumbles some strange words.
You resist with some effort.
An adder comes into view.
Sigmund points at you and mumbles some strange words.
You are confused.
You bump into the rock wall.
You bump into the rock wall.
You feel less confused.
Sigmund points at you and mumbles some strange words.
You are confused.
Sigmund points at you and mumbles some strange words.
You are more confused.
Sigmund points at you and mumbles some strange words.
You resist with some effort.
You're too confused to move!
You bump into the rock wall.
Sigmund laughs darkly.
Sigmund barely misses you.
Sigmund says, "You will soon forget everything."
Sigmund barely misses you.
You bump into the rock wall.
Sigmund closely misses you.
You bump into the rock wall.
You feel less confused. You block Sigmund's attack.
Sigmund says, "Don't worry, I'll kill you fast."
Sigmund barely misses you.
You hit Sigmund. Sigmund barely misses you.
You closely miss Sigmund. Sigmund gestures at you while chanting.
You resist with some effort.
Unknown command.
You closely miss Sigmund. Sigmund hits you with a +0 scythe!
You take 8 damage, and have 23/31 hp.
MASSIVE DAMAGE!!
You hit Sigmund but do no damage. Sigmund hits you with a +0 scythe!
You take 8 damage, and have 15/31 hp.
MASSIVE DAMAGE!!
You hit Sigmund but do no damage. You hit Sigmund.
Sigmund hits you with a +0 scythe!
You take 6 damage, and have 10/31 hp.
You slash Sigmund! Sigmund casts a spell at you.
You are confused.
Sigmund gestures wildly while chanting.
Sigmund flickers and vanishes!
Deactivating autopickup; reactivate with Ctrl-A.
You regained 2 hp, and now have 12/31 hp.
Unknown command.
You hear some strange, mumbled words.
A puff of flame appears from out of thin air!
The puff of flame hits you.
You take 1 damage, and have 11/31 hp.
Something hits you!
* * * LOW HITPOINT WARNING * * *
You take 7 damage, and have 5/31 hp.
MASSIVE DAMAGE!!
You bump into the rock wall.
You hit something.
You feel less confused. Something hits you!
You die...

.........####.#.#.#........+...
...........##...#.#........#.#.
...........##..##.##########.#.
........##............... .....
........###.......#..#... ....#
........##....###....... .#...
........#..##.# #.#.........##.
######.##.###.###.#.####....
#....#..l@..>..#
###.....{###.### #...#.## .#
#...#.# #.#...## #
##......###.#
###..##.....#.#####
#.....#............
#.....#....l##.....


You could see a frilled lizard.

Vanquished Creatures
  2 adders (D:2)
  5 bats
  2 endoplasms (D:1)
  A giant cockroach (D:1)
  3 hobgoblins
  3 jackals (D:1)
  2 kobolds (D:1)
  A frilled lizard (D:1)
  3 goblins (D:1)
  3 rats (D:1)
25 creatures vanquished.

Notes
Turn   | Place    | Note
-------+----------+-------------------------------------------
     0 | D:1      | sokol815 the Demigod Fighter began the quest for the Orb.
     0 | D:1      | Reached XP level 1. HP: 18/18 MP: 3/3
    54 | D:1      | Reached skill level 2 in Long Blades
    92 | D:1      | Reached XP level 2. HP: 24/25 MP: 4/4
   373 | D:1      | Reached skill level 3 in Fighting
   618 | D:2      | Reached XP level 3. HP: 27/31 MP: 5/5
   791 | D:2      | Noticed Sigmund
   825 | D:2      | HP: 5/31 [something (8)]
   827 | D:2      | Slain by Sigmund

Illustrated notes

Levels and vault maps discovered:
D:1:      dpeg_arrival_water_fire, layout_rooms
D:2:      layout_rooms, ebering_ecumenical_altar_rust, minivault_25,
          minmay_lizard_pond, uniq_sigmund

Skill      XL: |  1  2 |
---------------+-------+-----
Long Blades    | 2 |  2.4
Fighting       | 3 |  3.0
Armour         | |  2.9
Dodging        | |  0.9
Shields        | |  2.9

Action                     || total
---------------------------++-------
  Melee: Long sword        ||    75
  Throw: Stone             ||    10
 Armour: Scale mail        ||    28
  Dodge: Dodged            ||    43
  Block: Buckler           ||    16

Table legend: (Time is in decaauts)
 A = Elapsed time spent in this place.
 B = Non-inter-level travel time spent in this place.
 C = Inter-level travel time spent in this place.
 D = Time resting spent in this place.
 E = Time spent auto-exploring this place.
 F = Levels seen in this place.
 G = Mean time per level.
                   A        B        C        D        E       F      G
               +--------+--------+--------+--------+--------+-----+--------+
         Total |    853 |    837 |     16 |      0 |    625 |   2 |  426.5 |
       Dungeon |    853 |    837 |     16 |      0 |    625 |   2 |  426.5 |
               +--------+--------+--------+--------+--------+-----+--------+

Top non-repeatable levels by time:
     D:1: 622 daAuts
     D:2: 231 daAuts

Table legend:
 A = Kills in this place as a percentage of kills in entire the game.
 B = Kills by you in this place as a percentage of kills by you in the entire game.
 C = Kills by friends in this place as a percentage of kills by friends in the entire game.
 D = Other kills in this place as a percentage of other kills in the entire game.
 E = Experience gained in this place as a percentage of experience gained in the entire game.
 F = Experience gained in this place divided by the number of levels of this place that you have seen.
                   A       B       C       D       E      F
               +-------+-------+-------+-------+-------+----------------------
         Total | 100.0 | 100.0 |   N/A |   N/A | 100.0 |  33.0
       Dungeon | 100.0 | 100.0 |   N/A |   N/A | 100.0 |  33.0
               +-------+-------+-------+-------+-------+----------------------
